Warning! The script has encountered some errors when parsing the replay. Please report them to the . » details
0x00, prev: 0x16: 16 02 01 00 4B 38 00 00 4B 38 00 00 [00] 00 00 00 00 00 00 00 00 00 00 00 00 00 00 00 00 00 00 00 00 00 00 00 00 00
0x00, prev: 0x00: 16 02 01 00 4B 38 00 00 4B 38 00 00 00 00 00 00 00 00 00 00 00 00 00 00 00 00 00 00 00 00 00 00 00 00 00 00 [00] 00
0x00, prev: 0x01: 16 02 01 00 87 34 00 00 99 7F 00 00 00 00 00 00 00 00 00 00 00 00 00 00 00 00 00 00 00 00 00 00 00 00 00 00 01 [00]
General information
- name: BNet
- type: Ladder 1vs1/FFA
- host: Battle.net
- saver: WOST
map: RoadToStratholme
- players: 2
- length: 18:58
- speed: Fast
- version: 1.23 W3XP
- replay type: Public
» download(52 KB)
Players
team 1 (winner)

»
WOST (
pink | 170 APM | 1233 actions | 07:13)
3 Blademaster
2 Wind Walk
1 Critical Strike
» actions
| Assign group hotkey | 42 | |
| Basic commands | 12 | |
| Build / train | 61 | |
| ESC pressed | 5 | |
| Enter build submenu | 28 | |
| Enter hero's abilities submenu | 5 | |
| Give item / drop item | 5 | |
| Right click | 546 | |
| Select / deselect | 145 | |
| Select group hotkey | 284 | |
| Use ability | 100 | |
1233 total
» units
» upgrades
| Ranged Weapons | 3 | |
| Liquid Fire | 1 | |
| Reinforced Defenses | 1 | |
| Armor | 1 | |
6 total
» buildings
| Altar of Storms | 1 | |
| Orc Burrow | 5 | |
| Voodoo Lounge | 1 | |
| War Mill | 1 | |
| Watch Tower | 16 | |
| Stronghold | 1 | |
| Fortress | 1 | |
| Beastiary | 2 | |
28 total
» build order
00:05 Altar of Storms
00:10 Orc Burrow
00:24 Voodoo Lounge
01:01 War Mill
02:15 Watch Tower
02:26 Watch Tower
03:26 Stronghold
03:52 Watch Tower
03:53 Watch Tower
05:19 Orc Burrow
06:17 Fortress
06:19 Beastiary
06:21 Beastiary
06:39 Watch Tower
06:39 Watch Tower
06:43 Watch Tower
06:46 Watch Tower
07:13 Watch Tower
» items
| Lesser Clarity Potion | 9 | |
| Healing Salve | 3 | |
| Boots of Speed | 1 | |
| Staff of Teleportation | 1 | |
| Circlet of Nobility | 1 | |
| Orb of Lightning | 1 | |
| Potion of Lesser Invulnerability | 1 | |
17 total
team 2 (loser)
juanma9 (
orange | 144 APM | 1038 actions | 07:13)
2 Demon Hunter
1 Mana Burn
1 Evasion
1 Naga Sea Witch
1 Frost Arrows
1 Keeper of the Grove
1 Entangling Roots
» actions
| Assign group hotkey | 13 | |
| Build / train | 49 | |
| Enter build submenu | 16 | |
| Enter hero's abilities submenu | 4 | |
| Right click | 368 | |
| Select / deselect | 232 | |
| Select group hotkey | 305 | |
| Use ability | 51 | |
1038 total
» units
| Wisp | 21 | |
| Huntress | 8 | |
| Archer | 2 | |
| Dryad | 2 | |
33 total
» upgrades
| Sentinel | 1 | |
| Ultravision | 1 | |
| Strength of the Moon | 1 | |
| Improved Bows | 1 | |
4 total
» buildings
| Moon Well | 7 | |
| Altar of Elders | 1 | |
| Ancient of War | 3 | |
| Hunter's Hall | 1 | |
| Tree of Ages | 1 | |
| Ancient of Lore | 3 | |
| Tree of Eternity | 1 | |
17 total
» build order
00:19 Moon Well
00:38 Altar of Elders
01:19 Ancient of War
01:28 Ancient of War
01:52 Hunter's Hall
02:09 Moon Well
02:38 Ancient of War
03:08 Tree of Ages
04:18 Moon Well
05:51 Moon Well
06:35 Ancient of Lore
06:51 Ancient of Lore
07:13 Moon Well
» items
| Periapt of Vitality | 1 | |
| Scroll of Protection | 1 | |
2 total
Chat log
(00:37 / All) WOST: heil hitler
(00:51 / All) WOST: heil hitler
(00:53 / All) WOST: heil hitler
(00:55 / All) WOST: heil hitler
(00:56 / All) WOST: heil hitler
(01:04 / All) WOST: heil hitler
(01:07 / All) WOST: heil hitler
(01:11 / All) WOST: HEIL HITLER
(01:12 / All) WOST: HEIL HITLER
(01:14 / All) WOST: HEIL HITLER
(01:15 / All) WOST: HEIL HITLER
(01:16 / All) WOST: HEIL HITERL
(01:19 / All) WOST: jk
(01:26 / All) WOST: jk
(01:27 / All) WOST: jk
(01:29 / All) WOST: jk
(01:29 / All) WOST: jkjk
(01:30 / All) WOST: jkk
(01:31 / All) WOST: jk
(01:32 / All) WOST: jk
(01:32 / All) WOST: jk
(01:33 / All) WOST: jk
(01:33 / All) WOST: jk
(01:34 / All) WOST: jk
(01:43 / All) WOST: jk\
(01:44 / All) WOST: jl
(01:45 / All) WOST: jk
(07:13 / All) juanma9: gg